 Dungeon Crawl Stone Soup version 0.22.1-1-ga44c0e56f4 (webtiles) character file.

37 CaptainPlanet the Grave Robber (level 3, 0/24 HPs)
             Began as a Human Necromancer on Oct 17, 2018.
             Slain by a bullfrog (4 damage)
             ... on level 2 of the Dungeon.
             The game lasted 00:05:19 (1246 turns).

CaptainPlanet the Grave Robber (Human Necromancer)  Turns: 1246, Time: 00:05:20

Health: 0/24       AC:  3    Str:  8    XL:     3   Next: 62%
Magic:  0/6        EV: 11    Int: 16    God:
Gold:   46         SH:  3    Dex: 13    Spells: 4/6 levels left

rFire    . . .     SeeInvis .   g - +0 club
rCold    . . .     Gourm    .   f - +0 buckler
rNeg     . . .     Faith    .   e - +0 leather armour
rPois    .         Spirit   .   (no helmet)
rElec    .         Reflect  .   (no cloak)
rCorr    .         Harm     .   (no gloves)
MR       .....                  (no boots)
Stlth    ++........             (no amulet)
HPRegen  0.08/turn              (no ring)
MPRegen  0.10/turn              (no ring)

@: no status effects
A: no striking features
a: no special abilities


You were on level 2 of the Dungeon.
You were hungry.

You visited 1 branch of the dungeon, and saw 2 of its levels.

You collected 46 gold pieces.

Inventory:

Hand Weapons
 g - a +0 club (weapon)
Armour
 a - a +0 robe
 e - a +0 leather armour (worn)
 f - a +0 buckler (worn)
Jewellery
 i - a +3 amulet of reflection {unknown}
Scrolls
 b - a scroll of remove curse
 h - a scroll of identify {unknown}
 k - a scroll of random uselessness {unknown}
Potions
 d - 2 potions of mutation {unknown}
 j - a potion of agility {unknown}
Comestibles
 c - 5 rations
 l - 3 chunks of flesh


   Skills:
 + Level 0.2 Armour
 + Level 2.1 Dodging
 + Level 2.0 Stealth
 + Level 2.2 Spellcasting
 * Level 4.9 Necromancy


You had 4 spell levels left.
You knew the following spells:

 Your Spells              Type           Power        Failure   Level  Hunger
a - Pain                  Necr           ###.         7%          1    #......
b - Animate Skeleton      Necr           N/A          7%          1    #......

Your spell library contained the following spells:

 Spells                   Type           Power        Failure   Level  Hunger
 Vampiric Draining        Necr           ###.......   21%         3    ###....
 Regeneration             Chrm/Necr      #.........   47%         3    ###....
 Animate Dead             Necr           N/A          54%         4    #####..


Dungeon Overview and Level Annotations

Branches:
Dungeon (2/15)

Altars:


Message History

Confirm with . or Enter, or press ? or * to list all spells.
Okay, then.
This spell is slightly dangerous to cast.
Memorise Regeneration, consuming 3 spell levels and leaving 1?
The bullfrog hits you.
Your memorisation is interrupted.
The bullfrog hits you.
* * * LOW HITPOINT WARNING * * *
Your leopard gecko skeleton bites the bullfrog.
Casting: Pain (safe; 7% risk of failure)
Confirm with . or Enter, or press ? or * to list all spells.
Okay, then.
Casting: Pain (safe; 7% risk of failure)
Confirm with . or Enter, or press ? or * to list all spells.
Aiming: Pain (safe; 7% risk of failure)
Press: ? - help, Shift-Dir - straight line, f/p - bullfrog
Aim: a bullfrog (moderately wounded, chance to defeat MR: 76%)
The bullfrog writhes in agony!
The bullfrog hits you.
* * * LOW HITPOINT WARNING * * *
Your leopard gecko skeleton closely misses the bullfrog.
The bullfrog hits you.
You die...

........#
........#
......#
.....###
#....[# #.
#.....###....
#............
#..ZF.#####
#...@...#
#..<..#.....
##########..#
.#


You could see a bullfrog and a friendly leopard gecko skeleton.

Vanquished Creatures
  2 dart slugs
  5 leopard geckos
  A ball python (D:1)
  4 giant cockroaches (D:1)
  4 goblins (D:1)
  2 hobgoblins (D:1)
  2 kobolds (D:1)
  2 bats (D:1)
  A frilled lizard (D:1)
  2 rats (D:1)
25 creatures vanquished.

Vanquished Creatures (collateral kills)
  A bat (D:1)
1 creature vanquished.

Grand Total: 26 creatures vanquished

Notes
Turn   | Place    | Note
-------+----------+-------------------------------------------
     0 | D:1      | CaptainPlanet the Human Necromancer began the quest for the
                  | Orb.
     0 | D:1      | Reached XP level 1. HP: 13/13 MP: 3/3
     2 | D:1      | Learned a level 1 spell: Animate Skeleton
   397 | D:1      | Reached XP level 2. HP: 19/19 MP: 3/5
   594 | D:1      | Reached XP level 3. HP: 6/24 MP: 2/6
  1229 | D:2      | Noticed a bullfrog
  1246 | D:2      | Slain by a bullfrog

Action                   || total
-------------------------++-------
Melee: Unarmed           ||    19
       Club              ||    22
 Cast: Pain              ||    42
       Animate Skeleton  ||     7
  Use: Scroll            ||     1
  Eat: Chunk             ||     1
Armor: Robe              ||     7
       Leather armour    ||    12
Dodge: Dodged            ||    59
Block: Buckler           ||     9
